 Dungeon Crawl Stone Soup version 0.31-a0-662-g684573625c (webtiles) character file.

Game seed: 2871434862362710335

77 CowFu the Ruffian (level 4, -2/35 HPs)
             Began as a Draconian Shapeshifter on Sept 1, 2023.
             Was a Follower of Uskayaw.
             Slain by an iguana (12 damage)
             ... on level 4 of the Dungeon.
             The game lasted 00:04:08 (2178 turns).

CowFu the Ruffian (Draconian Shapeshifter)          Turns: 2178, Time: 00:04:08

Health: -2/35      AC:  5    Str: 16    XL:     4   Next: 13%
Magic:  4/4        EV: 12    Int: 11    God:    Uskayaw [*.....]
Gold:   88         SH:  0    Dex: 12    Spells: 3/3 levels left

rFire   . .          .
                       - Unarmed
rCold   . . .        (no shield)
rNeg    . . .        (body armour unavailable)
rPois   .            (helmet currently unavailable)
rElec   .            (cloak currently unavailable)
rCorr   +            (gloves currently unavailable)
SInv    .            (boots currently unavailable)
Will    .....        (no amulet)
Stlth   +            m - ring of resist corrosion
HPRegen 0.25/turn    (no ring)
MPRegen 0.09/turn

%: no passive effects
@: beast-form
A: beast (slay +2), AC +5, unfitting armour, cold-blooded
a: Begin Untransformation, Renounce Religion, Stomp


You were on level 4 of the Dungeon.
You worshipped Uskayaw.
Uskayaw was noncommittal.
You were a hulking beast.
You visited 1 branch of the dungeon, and saw 4 of its levels.

You collected 88 gold pieces.

Inventory:

Jewellery
 m - a ring of resist corrosion (left hand)
Talismans
 b - a beast talisman (active)
 c - a flux talisman
Scrolls
 d - 4 scrolls of teleportation {unknown}
 f - a scroll of vulnerability {unknown}
 g - a scroll of identify {unknown}
 j - a scroll of blinking {unknown}
 l - a scroll of enchant weapon {unknown}
 o - a scroll of enchant armour {unknown}
 p - a scroll of amnesia {unknown}
Potions
 a - a potion of lignification
 e - a potion of curing {unknown}
 h - 2 potions of enlightenment {unknown}
 i - a potion of brilliance {unknown}
 k - a potion of might {unknown}
 n - a potion of mutation {unknown}


   Skills:
 - Level 1.1 Fighting
 - Level 1.7 Dodging
 + Level 4.1 Unarmed Combat
 + Level 4.0 Shapeshifting


You had 3 spell levels left.
You didn't know any spells.
Your spell library was empty.

Dungeon Overview and Level Annotations

Branches:
Dungeon (4/15)
 Temple: D:4-7

Altars:
Kikubaaqudgha
Uskayaw

Shops:
D:1 [


Innate Abilities, Weirdness & Mutations

You are a hulking beast.
Your limbs bulge with bestial killing power. (Slay +2)
Your plain brown scales are hard. (AC +5)
You cannot fit into any form of body armour.
You are cold-blooded and may be slowed by cold attacks.


Message History

Done exploring.
No target in view!
Done exploring.
No target in view!
Done exploring.
No target in view!
Done exploring.
Done exploring.
Done exploring.
Done exploring.
Done exploring.
There is an escape hatch in the floor here.
There is a stone staircase leading down here.
You climb downwards.
The iguana hisses angrily.
Found a Trismegistus Codex.
There is a stone staircase leading up here.
An iguana is nearby!
You barely miss the iguana. You hit the iguana but do no damage.
The iguana closely misses you.
You hit the iguana but do no damage. You punch the iguana.
The iguana is lightly wounded.
The iguana completely misses you.
You punch the iguana!
The iguana is heavily wounded.
The iguana bites you!
You hit the iguana but do no damage.
The iguana is heavily wounded.
The iguana bites you!
You are too injured to fight recklessly!
You are too injured to fight recklessly!
You are too injured to fight recklessly!
You completely miss the iguana.
The iguana is heavily wounded.
The iguana bites you.
* * * LOW HITPOINT WARNING * * *
You hit the iguana.
The iguana is almost dead.
The iguana bites you!
You die...

..# #.#
#.## ...#
#..#
#######..#
#...:..l.#
#h.# #..#
#..# #..#
#..# ...#
#.## #..


You could see an iguana.

Vanquished Creatures
  3 adders (D:3)
  6 ball pythons
  6 bats
  2 bat zombies (D:3)
  5 endoplasms
  3 goblins
  2 hobgoblins
  5 jackals
  A kobold (D:2)
  4 quokkas
  2 frilled lizards
  7 rats
  A rat zombie (D:3)
47 creatures vanquished.

Notes
Turn   | Place    | Note
-------+----------+-------------------------------------------
     0 | D:1      | CowFu the Draconian Shapeshifter began the quest for the
                  | Orb.
     0 | D:1      | Reached XP level 1. HP: 16/16 MP: 1/1
   135 | D:1      | Found a faded altar of an unknown god.
   169 | D:1      | Prayed at the altar of an unknown god.
   169 | D:1      | Became a worshipper of Uskayaw the Reveller
   169 | D:1      | Reached * piety under Uskayaw
   228 | D:1      | Reached XP level 2. HP: 18/23 MP: 2/2
   683 | D:1      | Found Liugg's Antique Armour Emporium.
   786 | D:1      | Reached ** piety under Uskayaw
  1127 | D:2      | Reached *** piety under Uskayaw
  1374 | D:2      | Reached XP level 3. HP: 28/28 MP: 3/3
  1975 | D:3      | Reached XP level 4. HP: 35/35 MP: 4/4
  2051 | D:3      | Found an ancient bone altar of Kikubaaqudgha.
  2178 | D:4      | Slain by an iguana

Illustrated notes

Levels and vault maps discovered:
D:1:      minmay_arrival_diagonal_passages, layout_basic, serial_shops,
          nicolae_shop_tiny_waterfront, ebering_ecumenical_altar_webs
D:2:      layout_loops_ring
D:3:      minmay_chambers_of_threes, layout_rooms,
          lemuel_zombie_altar_kikubaaqudgha, st_stairs_8, dk_vineyard_3
D:4:      layout_loops_ring, mainiacjoe_overflow_six_doors_small,
          nicolae_overflow_hidden_temple, uniq_natasha, uniq_eustachio

Skill      XL: |  1  2  3  4 |
---------------+-------------+-----
Unarmed Combat | 4 |  4.1
Shapeshifting  | 4 |  4.0
Fighting       | |  1.1
Dodging        | |  1.7

Action                     |  1- 3 |  4- 6 || total
---------------------------+-------+-------++-------
  Melee: Unarmed           |   101 |    14 ||   115
         Tailslap          |     7 |     1 ||     8
         Punch             |     1 |     2 ||     3
   Stab: Sleeping          |     6 |       ||     6
 Armour: Skin              |    39 |     8 ||    47
  Dodge: Dodged            |    56 |     7 ||    63

Table legend: (Time is in decaauts)
 A = Elapsed time spent in this place.
 B = Non-inter-level travel time spent in this place.
 C = Inter-level travel time spent in this place.
 D = Time resting spent in this place.
 E = Time spent auto-exploring this place.
 F = Levels seen in this place.
 G = Mean time per level.
                   A        B        C        D        E       F      G
               +--------+--------+--------+--------+--------+-----+--------+
         Total |   2173 |   2061 |    112 |      0 |   1754 |   4 |  543.2 |
       Dungeon |   2173 |   2061 |    112 |      0 |   1754 |   4 |  543.2 |
               +--------+--------+--------+--------+--------+-----+--------+

Top non-repeatable levels by time:
     D:1: 1066 daAuts
     D:2: 687 daAuts
     D:3: 413 daAuts
     D:4: 6 daAuts
